 Dungeon Crawl Stone Soup version 0.29-a0-317-gd16b76e6b1 (webtiles) character file.

Game seed: 5397400901178701043

8871 Dabor the Envoy of Void (level 11, -5/86 HPs)
             Began as a Demonspawn Transmuter on Mar 31, 2022.
             Was a High Priest of Lugonu.
             Slain by a skeletal warrior
             ... wielding a +0 war axe
              (11 damage)
             ... on level 9 of the Dungeon.
             The game lasted 00:21:01 (12494 turns).

Dabor the Envoy of Void (Demonspawn Transmuter)    Turns: 12494, Time: 00:21:02

Health: -5/86      AC: 14    Str: 23    XL:     11   Next: 15%
Magic:  0/22       EV: 13    Int: 16    God:    Lugonu [*****.]
Gold:   657        SH:  0    Dex: 14    Spells: 21/24 levels left

rFire   . . .      SeeInvis .   j - +6 whip of Peace {flame, Drain rElec Str+4}
rCold   + . .      Faith    .   (no shield)
rNeg    . . .      Spirit   +   t - +3 scale mail {rC+}
rPois   +          Reflect  .   (helmet currently unavailable)
rElec   +          Harm     .   s - +0 cloak of Faotypp {Str+6}
rCorr   .          Rampage  .   h - +0 pair of gloves
Will    .....                   (boots currently unavailable)
Stlth   ..........              k - amulet of guardian spirit
HPRegen 0.24/turn               v - ring of poison resistance
MPRegen 0.18/turn               (no ring)

@: appendages (expiring), wereblooded
A: talons 2, horns 1, molten scales 2, foul stench 2
a: End Transformation, Renounce Religion, Depart the Abyss, Bend Space, Banish,
Corrupt, Enter the Abyss


You were on level 9 of the Dungeon.
You worshipped Lugonu.
Lugonu was extremely pleased with you.
You had temporarily grown beastly talons.
You visited 2 branches of the dungeon, and saw 11 of its levels.
You also visited: Ossuary.

You collected 657 gold pieces.

Inventory:

Hand Weapons
 j - the +6 whip of Peace (weapon) {flame, Drain rElec Str+4}
   (You found it on level 2 of the Dungeon)

   It burns those it strikes, dealing additional fire damage.
   Str:       It affects your strength (+4).
   rElec:     It insulates you from electricity.
   Drain:     It drains your maximum health when unequipped.
 D - the +3 flail of a Billion Xenops {spect, Int+4}
   (You found it on level 5 of the Dungeon)

   When its wielder attacks, the weapon's spirit leaps out and strikes again.
   The spirit shares a part of any damage it takes with its wielder.
   Int:       It affects your intelligence (+4).
Missiles
 H - a throwing net
Armour
 h - a +0 pair of gloves (worn)
 l - a +0 hat (melded)
 s - the +0 cloak of Faotypp (worn) {Str+6}
   (You found it on level 3 of the Dungeon)

   Str:       It affects your strength (+6).
 t - a +3 scale mail of cold resistance (worn)
 u - a +2 robe of positive energy
Jewellery
 k - an amulet of guardian spirit (around neck)
 v - a ring of poison resistance (left hand)
 E - an amulet of reflection
 K - an amulet of magic regeneration
 L - a ring of fire
Wands
 F - a wand of mindburst (6)
 G - a wand of iceblast (4)
 S - a wand of flame (2)
Scrolls
 b - 3 scrolls of noise
 c - 5 scrolls of fear
 e - 2 scrolls of brand weapon
 i - a scroll of torment
 n - 4 scrolls of immolation
 p - 3 scrolls of silence
 q - a scroll of magic mapping
 r - 4 scrolls of enchant weapon
 x - 2 scrolls of enchant armour {unknown}
 y - a scroll of teleportation
 I - 2 scrolls of vulnerability {unknown}
 O - a scroll of summoning
 P - a scroll of fog
 Q - 2 scrolls of amnesia {unknown}
 R - a scroll of holy word
Potions
 a - 6 potions of curing
 d - 3 potions of haste
 f - 3 potions of heal wounds
 g - 2 potions of flight
 m - 2 potions of brilliance {unknown}
 o - 5 potions of lignification
 z - 2 potions of might {unknown}
 A - a potion of cancellation {unknown}
 B - a potion of degeneration {unknown}
 C - 2 potions of attraction
 J - a potion of ambrosia {unknown}
 M - a potion of invisibility {unknown}
 N - a potion of berserk rage {unknown}


   Skills:
 + Level 7.8 Fighting
 - Level 2.0 Maces & Flails
 + Level 7.3 Dodging
 - Level 3.0 Unarmed Combat
 + Level 7.3 Spellcasting
 + Level 7.3 Transmutations
 + Level 9.9 Invocations


You had 21 spell levels left.
You knew the following spells:

 Your Spells              Type           Power      Damage    Failure   Level
a - Beastly Appendage     Tmut           58%        N/A       1%          1
b - Wereblood             Tmut           29%        N/A       2%          2

Your spell library contained the following spells:

 Spells                   Type           Power      Damage    Failure   Level
 Spider Form              Tmut/Pois      17%        N/A       22%         3
 Magic Dart               Conj           20%        1d4       32%         1
 Searing Ray              Conj           10%        2d4       43%         2
 Ice Form                 Ice/Tmut       17%        N/A       56%         4
 Frozen Ramparts          Ice            10%        1d3       67%         3
 Fulminant Prism          Conj/Hex       2%         3d6       97%         4
 Summon Ice Beast         Ice/Summ       5%         N/A       97%         4


Dungeon Overview and Level Annotations

Branches:
Dungeon (10/15)            Temple (1/1) D:6             Orc (0/2) D:10
Ossuary (visited)
   Lair: D:8-11

Altars:
Ashenzari
Cheibriados
Elyvilon
Fedhas
Gozag
Hepliaklqana
Kikubaaqudgha
Makhleb
Nemelex Xobeh
Okawaru
Qazlal
Ru
Sif Muna
Trog
Uskayaw
Vehumet
Wu Jian
Xom
Yredelemnul
Zin
The Shining One
Lugonu

Annotations:
D:9 3 runed translucent doors, hotpinklipstick's ghost, novice OpDe


Innate Abilities, Weirdness & Mutations

You have temporarily grown beastly talons.
You have a pair of small horns on your head.
You are mostly covered in molten scales. (AC +3)
You sometimes emit foul miasma when damaged in melee.


Message History

You headbutt the skeletal warrior, but do no damage.
You punch the skeletal warrior.
The skeletal warrior is moderately damaged.
The skeletal warrior hits you with a +0 war axe.
You hit the skeletal warrior but do no damage.
You punch the skeletal warrior, but do no damage.
The skeletal warrior is moderately damaged.
Your transformation is almost over.
The skeletal warrior closely misses you.
You barely miss the skeletal warrior.
You claw the skeletal warrior, but do no damage.
You headbutt the skeletal warrior, but do no damage.
The skeletal warrior is moderately damaged.
The skeletal warrior hits you with a +0 war axe!!
* * * LOW HITPOINT WARNING * * *
You barely miss the skeletal warrior.
You claw the skeletal warrior, but do no damage.
You headbutt the skeletal warrior, but do no damage.
Your punch misses the skeletal warrior.
The skeletal warrior is moderately damaged.
The skeletal warrior closely misses you.
Okay, then.
You hit the skeletal warrior. You burn the skeletal warrior.
You claw the skeletal warrior, but do no damage.
You headbutt the skeletal warrior, but do no damage.
Your punch misses the skeletal warrior.
The skeletal warrior is heavily damaged.
The skeletal warrior barely misses you.
You hit the skeletal warrior but do no damage.
Your kick misses the skeletal warrior. You headbutt the skeletal warrior.
The skeletal warrior is heavily damaged.
The skeletal warrior hits you with a +0 war axe!
* * * LOW HITPOINT WARNING * * *
You feel better.
The skeletal warrior hits you with a +0 war axe!!
* * * LOW HITPOINT WARNING * * *
Okay, then.
Space bends violently around you!
The skeletal warrior blinks! x2; You blink.
The skeletal warrior hits you with a +0 war axe!
You die...

#KW#K#K.#....######.
#####♣.#K#.♣#.........[.
##########...#..#K#..##...#######
..†........####.....###...#
#########..#####$$$##.#...#
#...........#### #.#...# ###
#.#.##..####.#.# #.#...# #..
#.#.##..# ##(#.# #.#...# #.#
####.#.##..###..@z###.#...# #.#
.....#.##.................### #.#
.#####.##.####...#######....# #.#
.# #.##.#.§§...........##.# #.#
.# #.##.#§###.###########.# #.#
.#####....#.# #.##### #.# #.#
..........#.# #.....# #.# #.#
.########(#.# #####.# #.# #.# .#
#.#.# #.# #.###.#


You could see a skeletal warrior.

Vanquished Creatures
  Josephine (D:10)
  A hydra (D:9)
  A two-headed ogre (D:9)
  A hornet (D:9)
  2 trolls (D:10)
  Grinder (D:3)
  3 wraiths
  3 wyverns
  10 yaks (D:9)
  A steam dragon (D:7)
  An acid dragon (D:8)
  A water moccasin (D:8)
  A black bear (D:6)
  An orc warrior (D:7)
  4 ice beasts
  A sky beast (D:7)
  3 centaurs
  2 phantoms (D:6)
  7 bullfrogs
  A kobold brigand (D:8)
  2 elf zombies (Ossuary)
  2 necrophages
  2 scorpions
  10 wights
  6 howler monkeys
  A centaur zombie (Ossuary)
  2 hounds
  Crazy Yiuf (D:3)
  3 jellies
  2 human zombies (Ossuary)
  4 orc priests
  A gnoll shaman (D:6)
  4 orc wizards
  3 iguanas
  Terence (D:3)
  2 hound zombies (Ossuary)
  3 mummies (Ossuary)
  Robin (D:3)
  5 gnolls (D:6)
  2 adders
  8 river rats (D:5)
  A shadow imp (D:8)
  4 ufetubi
  5 adder zombies (Ossuary)
  A worm (D:4)
  2 dart slugs
  20 orcs
  7 ball pythons
  4 bats
  7 endoplasms
  5 giant cockroaches
  2 gnoll zombies (Ossuary)
  12 goblins
  11 hobgoblins
  6 jackals
  12 kobolds
  2 quokkas
  5 frilled lizards
  3 goblin zombies (Ossuary)
  3 hobgoblin zombies (Ossuary)
  4 jackal zombies (Ossuary)
  2 kobold zombies (Ossuary)
  3 quokka zombies (Ossuary)
  17 rats
  3 rat zombies (Ossuary)
252 creatures vanquished.

Vanquished Creatures (others)
  A butterfly (D:7)
  A fungus (D:9)
  9 plants
11 creatures vanquished.

Grand Total: 263 creatures vanquished

Notes
Turn   | Place    | Note
-------+----------+-------------------------------------------
     0 | D:1      | Dabor the Demonspawn Transmuter began the quest for the
                  | Orb.
     0 | D:1      | Reached XP level 1. HP: 15/15 MP: 3/3
   117 | D:1      | Gained mutation: You are partially covered in molten
                  | scales. (AC +2) [demonic ancestry]
   117 | D:1      | Reached XP level 2. HP: 4/21 MP: 5/5
   971 | D:1      | Gained mutation: You may rarely emit foul miasma when
                  | damaged in melee. [demonic ancestry]
   971 | D:1      | Reached XP level 3. HP: 17/26 MP: 6/6
  1153 | D:1      | Found a faded altar of an unknown god.
  1256 | D:1      | Prayed at the altar of an unknown god.
  1256 | D:1      | Became a worshipper of Lugonu the Unformed
  1256 | D:1      | Reached * piety under Lugonu
  1256 | D:1      | Reached ** piety under Lugonu
  1454 | D:2      | Identified the +6 whip of Peace {flame, Drain rElec Str+4}
  2325 | D:2      | Reached skill level 1 in Invocations
  2520 | D:3      | Noticed Grinder
  2520 | D:3      | Noticed a wight
  2520 | D:3      | Noticed a wight
  2520 | D:3      | Noticed a wight
  2728 | D:3      | Gained mutation: You have a pair of small horns on your
                  | head. [demonic ancestry]
  2728 | D:3      | Reached XP level 4. HP: 29/33 MP: 7/7
  2794 | D:3      | Paralysed by Grinder for 2 turns
  2806 | D:3      | Killed Grinder
  2807 | D:3      | Reached skill level 1 in Maces & Flails
  2807 | D:3      | Reached skill level 2 in Invocations
  2807 | D:3      | Reached XP level 5. HP: 25/39 MP: 5/9
  3015 | D:3      | Reached XP level 6. HP: 23/46 MP: 4/10
  3297 | D:3      | Reached skill level 3 in Invocations
  3537 | D:3      | Noticed Robin
  3559 | D:3      | Learned a level 2 spell: Wereblood
  3597 | D:3      | Killed Robin
  3604 | D:3      | Found a stormy altar of Qazlal.
  3612 | D:3      | Identified the +0 cloak of Faotypp {Str+6}
  3619 | D:3      | Noticed Terence
  3630 | D:3      | Killed Terence
  3630 | D:3      | Reached *** piety under Lugonu
  4016 | D:3      | Found a runed translucent door.
  4017 | D:3      | Noticed Crazy Yiuf
  4023 | D:3      | Killed Crazy Yiuf
  4024 | D:3      | Reached XP level 7. HP: 52/52 MP: 9/12
  4088 | D:4      | Found a sand-covered staircase.
  4109 | Ossuary  | Entered an ossuary
  4293 | Ossuary  | Reached **** piety under Lugonu
  4495 | Ossuary  | Reached skill level 4 in Invocations
  5380 | D:5      | Entered Level 5 of the Dungeon
  5410 | D:5      | Noticed a wyvern
  5420 | D:5      | Killed a wyvern
  5421 | D:5      | Reached XP level 8. HP: 39/60 MP: 7/14
  5577 | D:5      | Found an opulent altar of Gozag.
  5621 | D:5      | Identified the +3 flail of a Billion Xenops {spect, Int+4}
  5679 | D:5      | Found a hazy altar of Hepliaklqana.
  5687 | D:5      | Reached skill level 5 in Invocations
  6375 | D:6      | Reached ***** piety under Lugonu
  6470 | D:6      | Reached skill level 6 in Invocations
  6484 | D:6      | Reached skill level 5 in Fighting
  6668 | D:6      | Reached skill level 5 in Spellcasting
  6687 | D:6      | Reached skill level 5 in Transmutations
  6687 | D:6      | Gained mutation: You sometimes emit foul miasma when
                  | damaged in melee. [demonic ancestry]
  6687 | D:6      | Reached XP level 9. HP: 68/68 MP: 16/16
  6715 | D:6      | Reached skill level 5 in Dodging
  7036 | D:6      | Found a staircase to the Ecumenical Temple.
  7136 | Temple   | Entered the Ecumenical Temple
  7630 | D:7      | Found a basalt altar of Yredelemnul.
  7687 | D:7      | Reached skill level 7 in Invocations
  8066 | D:7      | Found a shimmering altar of Xom.
  8248 | D:7      | Found a broken altar of Ashenzari.
  8830 | D:8      | Found an iron altar of Okawaru.
  8901 | D:8      | Found a bloodstained altar of Trog.
  9217 | D:8      | Reached skill level 8 in Invocations
  9217 | D:8      | Reached XP level 10. HP: 73/77 MP: 17/19
  9911 | D:9      | Found a runed translucent gate.
  9911 | D:9      | Found a runed translucent gate.
  9913 | D:9      | Found a runed translucent gate.
  9914 | D:9      | Noticed hotpinklipstick's ghost (novice OpDe)
  9953 | D:9      | Noticed an eight-headed hydra
  9959 | D:9      | Killed an eight-headed hydra
 10336 | D:9      | Found a sacrificial altar of Ru.
 10392 | D:9      | Reached skill level 9 in Invocations
 10909 | D:9      | Noticed a two-headed ogre
 10919 | D:9      | Killed a two-headed ogre
 11508 | D:10     | Entered Level 10 of the Dungeon
 11529 | D:10     | Gained mutation: You are mostly covered in molten scales.
                  | (AC +3) [demonic ancestry]
 11529 | D:10     | Reached XP level 11. HP: 39/84 MP: 10/21
 11818 | D:10     | Found a radiant altar of Vehumet.
 11878 | D:10     | Identified the +1 leather armour of Action {rElec}
 11950 | D:10     | Noticed Josephine
 12032 | D:10     | Killed Josephine
 12450 | D:10     | Found a staircase to the Orcish Mines.
 12455 | D:10     | Noticed a skeletal warrior
 12455 | D:10     | Noticed a skeletal warrior
 12455 | D:10     | Noticed a skeletal warrior
 12494 | D:9      | Slain by a skeletal warrior

Illustrated notes

Levels and vault maps discovered:
D:1:      dpeg_arrival_simpleton_c, layout_basic,
          ebering_ecumenical_altar_abandoned, minmay_hexomino_f4
D:2:      layout_loops_cross, grunt_decor_clamped,
          chequers_serial_rivers_small_3
D:3:      layout_basic, nicolae_qazlal_eye_of_the_storm, hex_tiny, uniq_robin,
          uniq_terence, uniq_crazy_yiuf_cottage, uniq_grinder
D:4:      layout_loops_ring, nicolae_ossuary_entry_ruins
D:5:      layout_gridville, nicolae_hepliaklqana_hazy_memory,
          grunt_gozag_statues, dk_rats_in_the_wall
D:6:      layout_rooms, minmay_temple_entry_fiery
D:7:      layout_loops_corners, nicolae_elyvilon_peaceful_grove,
          grunt_ashenzari_visionary [grunt_ashenzari_visionary_swamp,
          grunt_ashenzari_visionary_snake], lemuel_crystal_altar,
          kennysheep_mini
D:8:      layout_gridville, trog_three_pillars_becter, overflow_temple_1_default
D:9:      layout_loops_ring, amcnicky_altar_gilded,
          gammafunk_ghost_nasty_kobolds, kennysheep_generic_room_10
D:10:     cheibrodos_histonic, layout_stronghold, mainiacjoe_overflow_24_doors,
          vehumet_altar_wand_db, kennysheep_path_1, small_statue_intersection,
          patterned_corridor, uniq_josephine, uniq_maurice
Temple:   cyrus_temple_forest

Skill      XL: |  1  2  3  4  5  6  7  8  9 10 |
---------------+-------------------------------+-----
Dodging        | 2 3 4 6 7 |  7.3
Transmutations | 2 3 4 5 6 7 |  7.3
Unarmed Combat | 3 |  3.0
Invocations    | 1 2 3 4 6 8 9 |  9.9
Fighting       | 2 3 4 5 6 7 |  7.8
Maces & Flails | 1 2 |  2.0
Spellcasting   | 3 4 5 6 7 |  7.3

Action                   |  1- 3 |  4- 6 |  7- 9 | 10-12 || total
-------------------------+-------+-------+-------+-------++-------
Melee: Unarmed           |    56 |       |       |       ||    56
       Kick              |     7 |     8 |    39 |    37 ||    91
       Headbutt          |     2 |    10 |    62 |    46 ||   120
       Whip              |    44 |    55 |   392 |   166 ||   657
       Punch             |     1 |     1 |     6 |     7 ||    15
Throw: Boomerang         |    19 |     1 |       |       ||    20
 Cast: Beastly Appendage |    10 |     7 |    14 |     8 ||    39
       Wereblood         |       |     1 |    12 |     5 ||    18
Invok: Bend Space        |       |       |       |     4 ||     4
Evoke: Wand              |       |       |     3 |    16 ||    19
  Use: Potion            |     2 |       |       |     5 ||     7
       Scroll            |       |     7 |     1 |     5 ||    13
Armor: Robe              |    39 |    10 |       |       ||    49
       Skin              |    16 |       |       |       ||    16
       Scale mail        |       |     2 |   195 |    56 ||   253
Dodge: Dodged            |   112 |    18 |   178 |    94 ||   402

Table legend: (Time is in decaauts)
 A = Elapsed time spent in this place.
 B = Non-inter-level travel time spent in this place.
 C = Inter-level travel time spent in this place.
 D = Time resting spent in this place.
 E = Time spent auto-exploring this place.
 F = Levels seen in this place.
 G = Mean time per level.
                   A        B        C        D        E       F      G
               +--------+--------+--------+--------+--------+-----+--------+
         Total |  12521 |  11977 |    544 |   2742 |   7213 |  12 | 1043.4 |
       Dungeon |  12019 |  11517 |    502 |   2742 |   6920 |  10 | 1201.9 |
        Temple |     89 |     47 |     42 |      0 |     41 |   1 |   89.0 |
       Ossuary |    412 |    412 |      0 |      0 |    252 |   1 |  412.0 |
               +--------+--------+--------+--------+--------+-----+--------+

Top non-repeatable levels by time:
     D:9: 2591 daAuts
     D:7: 1518 daAuts
     D:3: 1388 daAuts
     D:1: 1356 daAuts
     D:2: 1345 daAuts
     D:5: 913 daAuts
     D:4: 889 daAuts
     D:6: 868 daAuts
    D:10: 608 daAuts
     D:8: 538 daAuts
 Ossuary: 412 daAuts
  Temple: 89 daAuts
